 Dungeon Crawl Stone Soup version 0.22.1-1-ga44c0e5 (console) character file.

26 erker the Insei (level 3, 0/23 HPs)
             Began as an Octopode Transmuter on Oct 9, 2018.
             Succumbed to an adder's poison
             ... on level 2 of the Dungeon.
             The game lasted 00:03:19 (910 turns).

erker the Insei (Octopode Transmuter)                Turns: 910, Time: 00:03:20

Health: 0/23       AC:  1    Str:  9    XL:     3   Next: 8%
Magic:  4/6        EV: 12    Int: 16    God:
Gold:   99         SH:  0    Dex: 12    Spells: 4/7 levels left

rFire    . . .     SeeInvis .     - Unarmed
rCold    . . .     Gourm    .   (no shield)
rNeg     . . .     Faith    .   (helmet restricted)
rPois    .         Spirit   .   (no amulet)
rElec    .         Reflect  .   (no ring)
rCorr    .         Harm     .   (no ring)
MR       .....                  (no ring)
Stlth    ++........             (no ring)
HPRegen  0.07/turn              (no ring)
MPRegen  0.10/turn              (no ring)
                                (no ring)
                                (no ring)

@: lethally poisoned (0 -> -3), very slightly contaminated, heavily drained
A: almost no armour, stealthy swim, amphibious, 8 rings, constrict 8, camouflage
1, gelatinous body 1
a: no special abilities


You were on level 2 of the Dungeon.
You were not hungry.

You visited 1 branch of the dungeon, and saw 2 of its levels.

You collected 99 gold pieces.

Inventory:

Missiles
 a - 11 arrows
 g - 8 poisoned needles
Scrolls
 b - 2 scrolls of teleportation {unknown}
 e - 2 scrolls of remove curse {unknown}
 f - a scroll of identify {unknown}
Comestibles
 c - 3 rations
 d - 4 chunks of flesh


   Skills:
 - Level 1.0(0.0) Fighting
 - Level 2.0(0.6) Dodging
 - Level 3.0(1.6) Unarmed Combat
 + Level 2.5(1.1) Spellcasting
 * Level 3.0(1.6) Transmutations


You had 4 spell levels left.
You knew the following spells:

 Your Spells              Type           Power        Failure   Level  Hunger
a - Beastly Appendage     Tmut           #.....       12%         1    ##.....
t - Sticks to Snakes      Tmut           #.......     19%         2    ###....

Your spell library contained the following spells:

 Spells                   Type           Power        Failure   Level  Hunger
 Spider Form              Tmut/Pois      #.........   43%         3    ####...
 Ice Form                 Ice/Tmut       #.......     85%         4    #####..
 Blade Hands              Tmut           #.........   97%         5    ######.


Dungeon Overview and Level Annotations

Branches:
Dungeon (2/15)

Altars:
Ashenzari
Sif Muna


Innate Abilities, Weirdness & Mutations

You cannot wear most types of armour.
You are very stealthy in the water. (Stealth+)
You are amphibious.
You can wear up to eight rings at the same time.
You can use your tentacles to constrict eight enemies at once.
Your skin changes colour to match your surroundings (Stealth+).
Your rubbery body absorbs attacks. (AC +1, EV +1)


Message History

There is a lethal amount of poison in your body!
You see here an adder corpse.
* * * LOW HITPOINT WARNING * * *
You feel sick.
* * * LOW HITPOINT WARNING * * *
You feel sick.
* * * LOW HITPOINT WARNING * * *
You feel sick.
An adder comes into view.
The adder hisses angrily.
You swap places.
Okay, then.
Unknown command.
Unknown command.
You aren't carrying any potions.
Unknown command.
Unknown command.
Unknown command.
Unknown command.
You die...

.# S# .# ### .# ##.##
.# ##...## .#
##.....##.# #......S..#
##...@.#### ##...##
#.### ##.## #...# #.#
...# ######.######
#..######.†...........
##......##.####.#.###..
....##.##.# #.#.#
##.#.##.##.# #.# #


You could see a friendly ball python.

Vanquished Creatures
  An adder (D:2)
  A dart slug (D:2)
  A leopard gecko (D:2)
  A giant cockroach (D:1)
  2 goblins
  3 hobgoblins
  2 bats (D:1)
  2 kobolds
  A rat (D:2)
14 creatures vanquished.

Notes
Turn   | Place    | Note
-------+----------+-------------------------------------------
     0 | D:1      | erker the Octopode Transmuter began the quest for the Orb.
     0 | D:1      | Reached XP level 1. HP: 13/13 MP: 3/3
   781 | D:2      | Reached XP level 2. HP: 16/18 MP: 5/5
   785 | D:2      | Learned a level 2 spell: Sticks to Snakes
   786 | D:2      | Found a deep blue altar of Sif Muna.
   878 | D:2      | Found a shattered altar of Ashenzari.
   895 | D:2      | Reached XP level 3. HP: 4/23 MP: 3/6
   906 | D:2      | HP: 1/23 [poisoned by an adder]
   910 | D:2      | Succumbed to an adder's poison

Skill      XL: |  1  2 |
---------------+-------+-----
Transmutations | 3 |  3.0
Fighting       | |  1.0
Dodging        | |  2.0
Unarmed Combat | |  3.0
Spellcasting   | |  2.5

Action                   || total
-------------------------++-------
Melee: Unarmed           ||    36
       Constrict         ||    10
       Tentacles         ||     7
       Kick              ||     2
 Cast: Beastly Appendage ||     3
       Sticks to Snakes  ||     1
 Stab: Sleeping          ||     4
       Distracted        ||     1
Armor: Skin              ||     1
Dodge: Dodged            ||    17
